Cogmind - Beta 14 @@@ ROGUE MODE // 2024.10.23 @ 04:32:15 Player: LegionOfLizards Result: Destroyed by G-47 Trooper with Particle Gun Performance ------------- Evolutions (0) 0 Regions Visited (1) 200 Robots Destroyed (15) 75 Value Destroyed (384) 384 Prototype IDs (0) 0 Alien Tech Used (0) 0 Bonus (0) 0 TOTAL SCORE: 659 Bonus ------- None Cogmind --------- Core Integrity 0/250 Matter 300/300 Energy 100/100 System Corruption 2% Temperature Cool (9) Movement Walking (120) Location -10/Materials Parts ------- > --- POWER (1) -------- (None) > --- PROPULSION (2) --- Aluminum Leg > --- UTILITY (2) ------ Medium Storage Unit > --- WEAPON (2) ------- (None) > --- INVENTORY (10) --- Light Ion Engine Sensor Array Improved Terrain Scanner Peak State ------------ > --- POWER ------------ Ion Engine > --- PROPULSION ------- Aluminum Leg Aluminum Leg > --- UTILITY ---------- Small Storage Unit Sensor Array > --- WEAPON ----------- Small Laser Assault Rifle > --- INVENTORY -------- Light Ion Engine [Rating: 7] Favorites ----------- Power Ion Engine Engine Ion Engine Propulsion Aluminum Leg Leg Aluminum Leg Utility Sensor Array Device Sensor Array Storage Medium Storage Unit Weapon Assault Rifle Energy Gun Small Laser Ballistic Gun Assault Rifle Build | -11 -10 ------- Run | Yrd Mat Slots Evolved . | . . Power . | . . Propulsion . | . . Utility . | . . Weapon . | . . Parts Attached 12 | 7 5 Power 2 | 2 . Engine 2 | 2 . Core . | . . Reactor . | . . Propulsion 4 | 2 2 Treads . | . . Leg 4 | 2 2 Wheel . | . . Hover . | . . Flight . | . . Utility 3 | 1 2 Device 1 | . 1 Storage 2 | 1 1 Processor . | . . Hackware . | . . Protection . | . . Artifact . | . . Weapon 3 | 2 1 Energy Gun 1 | 1 . Energy Cannon . | . . Ballistic Gun 2 | 1 1 Ballistic Cannon . | . . Launcher . | . . Special Weapon . | . . Impact Weapon . | . . Slashing Weapon . | . . Piercing Weapon . | . . Special Melee Weapon . | . . Unidentified Prototypes . | . . Parts Lost 6 | . 6 Power 1 | . 1 Propulsion 3 | . 3 Utility . | . . Weapon 2 | . 2 Highest Loss Streak 5 | . 5 To Critical Strikes . | . . Average Slot Usage (%) 89 | . 89 Engine 12 | . 12 Leg 26 | . 26 Device 10 | . 10 Storage 14 | . 14 Energy Gun 7 | . 7 Ballistic Gun 16 | . 16 Peak Build Rating 7 | 6 7 Average Rating 6 | 4 6 On Entrance 3 | . 6 Naked Turns . | . . Heaviest Build 19 | 13 19 Greatest Support 20 | 20 20 Greatest Overweight (x) . | . . Average Overweight (x) . | . . Largest Inventory Capacity 10 | 8 10 Average Capacity 9 | 7 9 Most Carried 5 | 5 4 Average Carried 2 | 1 2 Final Capacity 10 | 8 10 Final Carried 3 | 1 3 Class Distribution -------------------- 100% | Mutant Dominant Class ---------------- Mutant | -10/Materials Resources | -11 -10 ----------- Run | Yrd Mat Matter Collected 427 | 285 142 Remotely . | . . Salvage Created 537 | 55 482 Parts 33 | 2 31 Haulers Intercepted 1 | . 1 Recyclers Shooed 3 | 1 2 Parts Field Recycled . | . . Retrieved Matter . | . . Parts Self-Destructed . | . . Prevented . | . . Kills | -11 -10 ------- Run | Yrd Mat Combat Hostiles Destroyed 12 | . 12 Melee 1 | . 1 Guns 9 | . 9 AOE 2 | . 2 Classes Destroyed 5 | 1 4 Tunneler 1 | . 1 Hauler 1 | . 1 Recycler 1 | 1 . Swarmer 3 | . 3 Grunt 9 | . 9 Best Kill Streak 6 | 1 6 Combat Bots Only 6 | . 6 Max Kills in Single Turn 2 | 1 2 Gunslinging . | . . Exploded 2 | . 2 Melee 1 | . 1 Uniques/NPCs Destroyed . | . . Combat | -11 -10 -------- Run | Yrd Mat Hostile Shots Fired 92 | . 92 Missed 26 | . 26 Damage Taken 909 | . 909 Core 253 | . 253 Absorbed by Shields . | . . Core Remaining (%) 100 | 100 . Volleys Fired 58 | 5 53 Largest 2 | 2 2 Hottest 60 | 60 60 Shots Fired 106 | 10 96 Gun 106 | 10 96 Cannon . | . . Launcher . | . . Special . | . . Kinetic 86 | 5 81 Thermal 20 | 5 15 Explosive . | . . Electromagnetic . | . . Robot Hit Streak 18 | 8 18 Robot Miss Streak 4 | 1 4 Penetration Max . | . . Secondary Targets . | . . Shots Hit Robots 77 | 8 69 Core Hits 32 | 2 30 Critical Kills 1 | . 1 Critical Parts Destroyed 2 | . 2 Critical Strikes 3 | . 3 Destroy 3 | . 3 Melee Attacks . | . . Impact . | . . Slashing . | . . Piercing . | . . Sneak Attacks . | . . Combat Hostiles . | . . Follow-up Attacks . | . . Damage Inflicted 962 | 94 868 Guns 829 | 94 735 Cannons . | . . Explosions 67 | . 67 Melee . | . . Ramming 66 | . 66 Kinetic 671 | 49 622 Thermal 158 | 45 113 Explosive . | . . Electromagnetic 67 | . 67 Impact . | . . Slashing . | . . Piercing . | . . Highest Corruption 2 | . 2 Average Corruption 2 | . 2 Corruption Purged . | . . Corruption Blocked . | . . Effects 4 | . 4 Matter Fused 2 | . 2 Energy Discharges 1 | . 1 Data Loss (minor) 1 | . 1 Overload Shots . | . . Overflow Damage . | . . Projectiles . | . . Explosions . | . . Melee . | . . Knockbacks 3 | . 3 Impact 3 | . 3 Kinetic . | . . Secondary . | . . Self-Inflicted Damage 57 | . 57 Shots 2 | . 2 Rammed . | . . Targets Rammed 26 | . 26 Kicked 26 | . 26 Crushed . | . . Highest Temperature 48 | . 48 Average Temperature 16 | . 16 Received Heat Transfer 465 | . 465 Siege Activations . | . . Robots Corrupted . | . . Combat Hostiles . | . . Parts Fried . | . . Impact Corruptions . | . . Robots Melted . | . . Combat Hostiles . | . . Parts Melted 1 | . 1 Heat Transferred 350 | 100 250 Parts Sabotaged . | . . Parts Stolen . | . . Parts Stripped . | . . Power Chain Reactions . | . . Alert | -11 -10 ------- Run | Yrd Mat Peak Influence 317 | 5 317 Initial 3 | . 3 Average 100 | 1 114 Maximum Alert Level 1 | . 1 Low Security (%) 77 | 100 74 Level 1 22 | . 25 Level 2 . | . . Level 3 . | . . Level 4 . | . . Level 5 . | . . High Security . | . . Max Security . | . . Squads Dispatched 1 | . 1 Investigation 1 | . 1 Extermination . | . . Reinforcement . | . . Assault . | . . Garrison . | . . Intercept . | . . Searches Triggered . | . . Construction Impeded . | . . Haulers Reinforced . | . . Active Scanning Responses . | . . Cargo Convoy Interrupts . | . . Stealth | -11 -10 --------- Run | Yrd Mat Distress Signals 1 | . 1 Communications Jammed . | . . Distress Signals . | . . Times Spotted 17 | . 17 Peak Tracking Total 5 | . 5 Tactical Retreats . | . . Traps | -11 -10 ------- Run | Yrd Mat Traps Triggered . | . . Indirectly . | . . Trap Hack Attempts . | . . Triggered . | . . Disarmed . | . . Reprogrammed . | . . Reused . | . . Traps Extracted . | . . Installed . | . . Triggered . | . . Machines | -11 -10 ---------- Run | Yrd Mat Machines Disabled 2 | . 2 Max in Single Turn 2 | . 2 Machines Repaired . | . . Machines Dismantled . | . . Machines Sabotaged . | . . Overloaded Fab Kills . | . . Hacking | -11 -10 --------- Run | Yrd Mat Machines Accessed 4 | . 4 Terminals 4 | . 4 Fabricators . | . . Repair Stations . | . . Recycling Units . | . . Scanalyzers . | . . Garrison Access . | . . Total Hacks 10 | . 10 Successful 1 | . 1 Failed 9 | . 9 Catastrophic 2 | . 2 Database Lockouts . | . . Manual 7 | . 7 Terminals 10 | . 10 Fabricators . | . . Repair Stations . | . . Recycling Units . | . . Scanalyzers . | . . Garrison Access . | . . Terminal Hacks 1 | . 1 Zone Layout 1 | . 1 Fabricator Hacks . | . . Repair Station Hacks . | . . Recycling Unit Hacks . | . . Scanalyzer . | . . Garrison Access Hacks . | . . Unauthorized Hacks . | . . Terminals . | . . Fabricators . | . . Repair Stations . | . . Recycling Units . | . . Scanalyzers . | . . Garrison Access . | . . Data Cores Recovered . | . . Used . | . . Hacking Detections 3 | . 3 Full Trace Events 1 | . 1 Feedback Events . | . . Feedback Blocked . | . . Robot Schematics Acquired . | . . Robots Built . | . . Authchips . | . . Time . | . . Total Robot Build Rating . | . . Part Schematics Acquired . | . . Parts Built . | . . Authchips . | . . Time . | . . Total Part Build Rating . | . . Parts Repaired . | . . Time . | . . Parts Recycled . | . . Recycled Matter . | . . Retrieved Matter . | . . Retrieved Components . | . . Parts Scanalyzed . | . . Part Schematics Acquired . | . . Parts Damaged . | . . Bothacking | -11 -10 ------------ Run | Yrd Mat Used RIF Installer . | . . Robots Hacked . | . . Non-combat . | . . Combat . | . . Robot Hacks Applied . | . . Relay Couplers Released . | . . Fabnet Peak Effective % . | . . Robots Rewired . | . . Allies Hacked . | . . Hacks Repelled . | . . Allies | -11 -10 -------- Run | Yrd Mat Total Allies . | . . Largest Group . | . . Highest-Rated Group . | . . Highest-Rated Ally . | . . Total Orders . | . . Ally Attacks . | . . Total Damage . | . . Kills . | . . Allies Corrupted . | . . Allies Melted . | . . Intel | -11 -10 ------- Run | Yrd Mat Robot Analysis Total . | . . Derelict Logs Recovered . | . . Drone Launches . | . . Drone Recoveries . | . . Exploration | -11 -10 ------------- Run | Yrd Mat Turns Passed 490 | 62 428 Spaces Moved 208 | 36 172 Core 13 | 13 . Treads . | . . Legs 195 | 23 172 Wheels . | . . Hover . | . . Flight . | . . Fastest Speed 50 | 50 120 Average Speed 115 | 94 120 Slowest Speed 120 | 120 120 Overloaded Moves . | . . Propulsion Burnouts . | . . Robots Hopped . | . . Cave-ins Triggered . | . . Exploration Rate (%) 21 | 4 38 Regions Visited 1 Branch Regions . Pre-discovered Areas . | . . Known Exits Taken . | . . Unknown Exits Taken 1 | 1 . Scrap Searched . | . . Spaces Dug . | . . Terrain Destroyed . | . . Melee . | . . Projectile . | . . AOE . | . . Terrain Rammed . | . . Walls Destroyed . | . . Machines Disabled . | . . Actions | -11 -10 --------- Run | Yrd Mat Total 351 | 52 299 Wait 34 | . 34 Move 207 | 35 172 Hop . | . . Pick Up 11 | 5 6 Fast Attach 2 | 2 . Attach 7 | 4 3 Detach 1 | . 1 Swap 3 | 1 2 Drop 2 | . 2 Fire 58 | 5 53 Melee . | . . Ram . | . . Kick 26 | . 26 Crush . | . . Escape Stasis . | . . Rewire . | . . Trap . | . . Miscellaneous . | . . Route ------- -11/Scrapyard -10/Materials History --------- Turn | Location | Event 2 | -11/Scrapyard | Met Revision 17 11 | -11/Scrapyard | Discovered new exit (range 15) 63 | -11/Scrapyard | Entered Materials 308 | -10/Materials | Build established: Mutant 448 | -10/Materials | Core integrity fell below 50% 476 | -10/Materials | Lost 5 parts (1p2n2w) 476 | -10/Materials | Core integrity fell below 20% 491 | -10/Materials | Destroyed by G-47 Trooper with Particle Gun Last Messages --------------- G-47 Trooper knocked back. Kicked G-47 Trooper. System corrupted: Energy discharge (-35). Kicked G-47 Trooper. K-01 Serf collects debris. Kicked G-47 Trooper. K-01 Serf collects debris. Kicked G-47 Trooper out of the way. K-01 Serf collects debris. Kicked G-47 Trooper out of the way. G-47 Trooper knocked back. Kicked G-47 Trooper. K-01 Serf collects debris. Aluminum Leg destroyed. K-01 Serf collects debris. Kicked G-47 Trooper. Kicked G-47 Trooper out of the way. Kicked G-47 Trooper. K-01 Serf collects debris. Kicked G-47 Trooper. Map ----- +----------------------------------------------------+ | ??????????????????????#########????????????????? | | ?????????????????????# #????????????????? | | ?????????????????????# """"" #????????????????? | | ?????????????????????# """"" #####????????????? | | ?????????????????????# """"" # #????????????? | | ?????????????????????# # #????????????? | | ?????????????????????# # ############## | | ?????????????????????# "T" + | | ?????????????????????# """ # ############# | | ?????????????????????# # #???????????# | | ?????????????????????########## #???????????# | | ??????????????????????????????# #???????????# | | ??????????????????????????????# #???????????# | | ??????????????????????????????# #???????????# | | ??????????????????????????????+ #???????????## | | ??????????????????????????????# ############?? | | ??????????????????????????????# ## ### | | ?????????????????############## ## ## | | ?????????????????# # # ## | | ?????????????????# # # """ ## | | ?????????????????# " """"" + + " """ ## | | ????????????#????# """" """" # # T """ ### | | ????????????# ???# """ "" # # " #?? | | ????????????# ??# %% %* #?### # #?? | | ????????????# ########+######### ###########?? | | ???????? + r %@%k #??########## | | ????????????# %g ########## T | | ????????????# %"" %+ # | | ????????????# """ T" #### # | | ????????????# """ "" #??# # | | ????????????# """ #### ########## | | ???????? w / #??????# | | ??????????### u #### ! #??????# | | ????????????##+########+#+#??# #??????# " | | ???????????? ???????? ?????# #??????# " | | ??????????? ????????"""?????# #??????# " | | ?????????????????????"""?????#####+########### | | ?????????????????????"""???????# % ! + | | ???????????????????????????????# ########## | | ???????????????????????????????# ############ | | ???????????????????????????????# # # | | ???????????????????????????????# # """ """ # | | ???????????????????????????????# # """ """ + | | ???????????????????????????????# + """ """ # | | ???????????????????????????????# # # | | ???????????????????????????????# #= # | | ???????????????????????????????# ####+####### | | ???????????????????????????????# #??????????? | | ???????????????????????????????# #??????????? | | ???????????????????????????????# ??????????? | +----------------------------------------------------+ Best States ------------- Heat Dissipation 25 Energy Generation 10 Energy Capacity 250 Matter Stores 300 Matter Capacity 300 Sight Range 16 Robot Scan Range 14 Terrain Scan Density 10 Evasion (%) 55 Item Schematics ----------------- None Robot Schematics ------------------ None Fabricated ------------ Nothing Alien Tech Used ----------------- None Achievements -------------- None Challenges ------------ None Game ------ Seed LobotomyLatentInjector Manual? 0 Play Time 00:08:42 Cumulative 17.2 hours Start 2024.10.23 @ 03:58:50 End 2024.10.23 @ 04:32:15 Sessions 1 Manual Loads 0 Difficulty Rogue Special Mode None Game No. 21 Rogue 21 Adventurer 0 Explorer 0 Win Type - Total 0 Types 0/0/0/0/0/0/0/0/0 Lore% 5 Gallery% 17 Achievement% 15 Wizard Run 0 Options --------- Layout 1 ASCII 0 Keyboard 0 Movement Mouse Keybinds 0 Fullscreen 1 Font 28/SmallcapsGlow Map View 29x19 Zoom Use 34% Tactical HUD 0 Map Filters NONE Filters NONE Steam 1 RUN: 564fbc44-6ae3-4342-8236-82c04a68e11d